 Dungeon Crawl Stone Soup version 0.29.0-4-gdea44cf6ec (webtiles) character file.

Game seed: 5365637986461033694

74 qw the Sneak (level 4, -1/36 HPs)
             Began as a Ghoul Enchanter on Sept 6, 2022.
             Killed from afar by Natasha (8 damage)
             ... with a magic dart
             ... on level 3 of the Dungeon.
             The game lasted 00:01:00 (2480 turns).

qw the Sneak (Ghoul Enchanter)                      Turns: 2480, Time: 00:01:01

Health: -1/36      AC:  2    Str: 13    XL:     4   Next: 28%
Magic:  5/5        EV:  9    Int: 10    God:
Gold:   152        SH:  0    Dex:  9    Spells: 6/6 levels left

rFire   + . .      SeeInvis .   Y - +0 long sword
rCold   + + .      Faith    .   (no shield)
rNeg    + + +      Spirit   .   b - +0 robe
rPois   inf        Reflect  .   (no helmet)
rElec   .          Harm     .   (no cloak)
rCorr   .          Rampage  .   (no gloves)
Will    .....                   (no boots)
Stlth   ++........              (no amulet)
HPRegen 0.00/turn               k - ring of protection from fire
MPRegen 0.09/turn               n - ring of protection from cold

@: inhibited regen, constricted
A: claws 1, cold resistance 1, negative energy resistance 3, inhibited
regeneration, torment resistance 2, devour on kill
a: no special abilities


You were on level 3 of the Dungeon.
You visited 1 branch of the dungeon, and saw 3 of its levels.

You collected 152 gold pieces.


Innate Abilities, Weirdness & Mutations

You are immune to poison.
You have sharp fingernails.
Your flesh is cold resistant. (rC+)
You are immune to negative energy. (rN+++)
You do not regenerate when monsters are visible.
You are immune to unholy pain and torment.
You thrive by killing the living.


   Skills:
 - Level 2.2 Fighting
 - Level 0.8 Short Blades
 + Level 2.6 Axes
 - Level 1.7 Dodging
 - Level 3.2 Stealth
 - Level 1.7 Spellcasting
 - Level 2.4 Hexes


You had 6 spell levels left.
You didn't know any spells.
Your spell library contained the following spells:

 Spells                   Type           Power      Damage    Failure   Level
 Ensorcelled Hibernation  Hex/Ice        6%         N/A       30%         2
 Confusing Touch          Hex            5%         N/A       34%         3
 Tukima's Dance           Hex            5%         N/A       34%         3
 Dazzling Flash           Conj/Hex       6%         N/A       52%         3

Inventory:

Hand Weapons
 h - a +0 flail
 Y - a +0 long sword (weapon)
Missiles
 m - 2 boomerangs (quivered)
Armour
 b - a +0 robe (worn)
 g - a +0 leather armour
Jewellery
 c - a ring of magical power
 d - a ring of ice
 k - a ring of protection from fire (left claw)
 n - a ring of protection from cold (right claw)
Scrolls
 q - a scroll of identify
Potions
 a - a potion of degeneration {unknown}
 e - a potion of lignification {unknown}
 i - a potion of magic {unknown}
 j - a potion of cancellation {unknown}
 l - 3 potions of might {unknown}
 o - a potion of resistance {unknown}
 p - a potion of attraction {unknown}
 r - a potion of curing {unknown}

Dungeon Overview and Level Annotations

Branches:
Dungeon (3/15)

Altars:

Annotations:
D:3 Natasha


Message History

Natasha hisses angrily.
A ball python comes into view.
Found a scroll of identify and 8 stones.
Found a stone staircase leading down.
Natasha casts a spell.
The ball python hisses angrily.
You barely miss Natasha. Natasha claws you. The ball python bites you.
The ball python misses you. Natasha misses you.
The ball python closely misses you. x2
You barely miss Natasha. The ball python barely misses you.
The ball python closely misses you.
Natasha stares at you and mumbles some strange words.
The magic dart hits you!
You hit Natasha.
Natasha is lightly wounded.
The ball python misses you. The ball python closely misses you.
The shadow imp hits you. Natasha misses you.
The ball python closely misses you. x2
The shadow imp closely misses you.
Natasha mumbles some strange words.
You barely miss Natasha. The ball python barely misses you.
The ball python grabs you. The ball python constricts you.
The shadow imp hits you.
Natasha stares at you and mumbles some strange words.
The magic dart hits you! The ball python barely misses you.
The ball python constricts you.
2478 ||| DRINKING potion of heal wounds.
You feel much better.
The shadow imp hits you but does no damage.
Natasha claws you! The ball python bites you. The ball python constricts you.
The iron imp picks up a beetle and eats it.
The iron imp hits you!
You hit the ball python but do no damage.
The shadow imp hits you. The ball python bites you.
The ball python constricts you. Natasha claws you but does no damage.
The iron imp hits you. The shadow imp hits you. The ball python bites you.
The ball python constricts you.
You closely miss the ball python.
Natasha stares at you and mumbles some strange words.
The magic dart hits you!
You die...

..... ..... ## (. .....
..## #### #.# ......#
?.. ..# #..# ....S..#
... #.##..# ........
#.##..#.####
###.#..##...#.......
#.##..###$..55###### #
#.# #.......@h...... #
##.#####...?..S...>.. #
#.......).##...>..... #
#.....>..............
####...#########.#####.#
.......#########.# #
###...............
......##########.##
.....##


You could see an iron imp (summoned), Natasha, a shadow imp (summoned) and a
ball python.

Vanquished Creatures
  3 adders (D:3)
  A dart slug (D:1)
  An orc (D:3)
  3 ball pythons (D:1)
  6 endoplasms
  5 giant cockroaches
  A hobgoblin (D:3)
  2 jackals (D:2)
  2 quokkas
  5 bats
  2 frilled lizards
  4 goblins
  4 kobolds
  2 rats (D:1)
41 creatures vanquished.

Notes
Turn   | Place    | Note
-------+----------+-------------------------------------------
     0 | D:1      | qw the Ghoul Enchanter began the quest for the Orb.
     0 | D:1      | Reached XP level 1. HP: 14/14 MP: 2/2
     0 | D:1      | 0 ||| qw: Version: 0.1-a-108-g9e35731
     0 | D:1      | 0 ||| qw: Game counter: 6394
     0 | D:1      | 0 ||| qw: Always use a shield: true
     0 | D:1      | 0 ||| qw: God list: Okawaru
     0 | D:1      | 0 ||| qw: Allow faded altars: false
     0 | D:1      | 0 ||| qw: Do Orc after D:15 true
     0 | D:1      | 0 ||| qw: Do second Lair branch before Depths: true
     0 | D:1      | 0 ||| qw: Lair rune preference: random
     0 | D:1      | 0 ||| qw: Plans: Normal
     0 | D:1      | 0 ||| PLANNING D:1-11
    23 | D:1      | 23 ||| SWAPPING to +0 club.
    24 | D:1      | 24 ||| DROPPING +1 dagger.
    29 | D:1      | 29 ||| SWAPPING to +0 long sword.
   102 | D:1      | Reached skill level 1 in Axes
   104 | D:1      | 104 ||| DROPPING +0 club.
   219 | D:1      | Reached XP level 2. HP: 22/22 MP: 3/3
   245 | D:1      | Reached skill level 1 in Fighting
   314 | D:1      | Found a faded altar of an unknown god.
   518 | D:1      | 518 ||| Stepping ~*~*~tactically~*~*~ (hiding).
   520 | D:1      | 520 ||| Stepping ~*~*~tactically~*~*~ (hiding).
   916 | D:1      | 916 ||| UPGRADING to ring of protection from fire.
   917 | D:1      | 917 ||| READING 2 scrolls labelled PES GAKHLOOLL.
   918 | D:1      | 918 ||| READING scroll labelled YSHRUH SIYMM.
   919 | D:1      | 919 ||| DRINKING 2 grey potions.
   920 | D:1      | 920 ||| DROPPING scroll of immolation.
   921 | D:1      | 921 ||| DROPPING 2 potions of invisibility.
  1066 | D:2      | Reached XP level 3. HP: 28/28 MP: 4/4
  1241 | D:2      | 1241 ||| DROPPING +4 dagger of electrocution.
  1611 | D:2      | 1611 ||| Stepping ~*~*~tactically~*~*~ (stealth).
  1613 | D:2      | 1613 ||| Stepping ~*~*~tactically~*~*~ (stealth).
  1903 | D:2      | 1903 ||| UPGRADING to ring of protection from cold.
  1904 | D:2      | 1904 ||| READING scroll labelled ZAXASELUSE.
  1905 | D:2      | 1905 ||| READING scroll labelled NOBBOPLI HOILIM.
  1906 | D:2      | 1906 ||| READING 2 scrolls labelled PENUPPAKHLA.
  2007 | D:2      | 2007 ||| DROPPING scroll of silence.
  2066 | D:3      | 2066 ||| FLEEEEING.
  2067 | D:3      | 2067 ||| STAIRDANCE
  2266 | D:3      | Reached XP level 4. HP: 28/36 MP: 5/5
  2460 | D:3      | 2460 ||| Stepping ~*~*~tactically~*~*~ (stealth).
  2470 | D:3      | Noticed Natasha
  2477 | D:3      | HP: 9/36 [Natasha/magic dart (7)]
  2478 | D:3      | 2478 ||| DRINKING potion of heal wounds.
  2480 | D:3      | Killed from afar by Natasha

Levels and vault maps discovered:
D:1:      ncdulo_lavacross, layout_rooms, basic_ecumenical_altar,
          minmay_misc_feat_more_columns
D:2:      layout_basic
D:3:      layout_rooms, uniq_natasha

Skill      XL: |  1  2  3 |
---------------+----------+-----
Axes           | 1 2 |  2.6
Fighting       | 1 2 |  2.2
Short Blades   | |  0.8
Dodging        | |  1.7
Stealth        | |  3.2
Spellcasting   | |  1.7
Hexes          | |  2.4

Action                   |  1- 3 |  4- 6 || total
-------------------------+-------+-------++-------
Melee: Long sword        |    85 |     7 ||    92
       Dagger            |     2 |       ||     2
       Punch             |     1 |       ||     1
Throw: Boomerang         |    22 |    15 ||    37
  Use: Scroll            |     5 |       ||     5
       Potion            |     1 |     1 ||     2
 Stab: Sleeping          |     1 |       ||     1
Armor: Robe              |    24 |     2 ||    26
Dodge: Dodged            |    76 |    15 ||    91

Table legend:
 A = Non-vault XP
 B = Vault XP
 C = Vault XP percentage of total XP
 D = Non-vault monster count
 E = Vault monster count
 F = Vault count percentage of total count
                 A         B        C        D         E       F
            +---------+---------+-------+---------+---------+-------
      Total |     106 |       0 |   0.0 |      41 |       0 |   0.0
            +---------+---------+-------+---------+---------+-------
        D:1 |      31 |       0 |   0.0 |      18 |       0 |   0.0
        D:2 |      17 |       0 |   0.0 |       9 |       0 |   0.0
        D:3 |      58 |       0 |   0.0 |      14 |       0 |   0.0
            +---------+---------+-------+---------+---------+-------
